AoeStats
← [BOG]#Der Benzinpreisvergleicher

Oasis

508549602Analyzed
4v4 RM · 8d ago on Sep 23, 2026· 63m 15s· 8 players
Game mode
Random Map
Map size
Large (8 player)
Population
200
Speed
Normal
Resources
Standard
Victory
Conquest
Starting age
Dark Age
Ending age
Imperial Age
RankedLock teamsTeams togetherTeam positionsShared explorationLock speedFull tech treeHidden civsTurbo modeCheats
Victory
Defeat
🇨🇦 Vikings · Canada
971
+9
🇨🇴 Danes · Colombia
901
+12
🇨🇴 Celts · Colombia
842
+14
🇨🇴 Inca · Colombia
713
+20
🇩🇪 Lithuanians · Germany
833
-15
🇲🇽 Vietnamese · Mexico
822
-31
🇨🇦 Britons · Canada
806
-14
754
-19
Hopser
8:25 Loom
10:46 Feudal Age
13:21 Double-Bit Axe
22:31 Castle Age
31:03 Bloodlines
36:25 Man-at-Arms
41:45 Wheelbarrow
47:43 Husbandry
51:03 Imperial Age
50:46 Scale Barding Armor
50:42 Scale Mail Armor
50:52 Forging
51:36 Cavalier
53:36 Husbandry
53:59 Chain Barding Armor
54:18 Iron Casting
55:26 Paladin
58:56 Plate Barding Armor
58:01 Light Cavalry
62:17 Long Swordsman
[BOG]#Der Benzinpreisvergleicher
4:47 Loom
13:41 Feudal Age
18:21 Castle Age
17:56 Wheelbarrow
24:42 Imperial Age
25:50 Gold Mining
26:00 Stone Mining
27:37 Double-Bit Axe
28:54 Hand Cart
32:25 Conscription
32:25 Town Watch
33:08 Bow Saw
33:38 Elite Organ Gun
35:00 Town Patrol
34:58 Fletching
36:11 Two-Man Saw
36:50 Chemistry
35:31 Treadmill Crane
37:11 Stone Shaft Mining
38:29 Bombard Tower
38:21 Masonry
38:18 Siege Engineers
39:03 Bodkin Arrow
39:44 Arquebus
45:06 Coinage
47:17 Masonry
sensticks
10:33 Feudal Age
12:06 Loom
12:13 Double-Bit Axe
16:56 Castle Age
18:04 Horse Collar
20:27 Crossbowman
22:11 Fletching
24:54 Wheelbarrow
25:15 Crossbowman
30:10 Hand Cart
32:31 Imperial Age
30:41 Bodkin Arrow
30:47 Padded Archer Armor
34:52 Arbalester
39:52 Elite Longbowman
42:32 Bow Saw
46:25 Yeomen
46:47 Warwolf
48:36 Bracer
48:51 Leather Archer Armor
49:01 Ballistics
52:29 Arrowslits
53:45 Chemistry
55:20 Ring Archer Armor
60:42 Heavy Scorpion
62:44 Heavy Plow
ART_iOrigami
11:30 Feudal Age
13:52 Wheelbarrow
13:52 Horse Collar
23:09 Castle Age
23:39 Padded Archer Armor
24:38 Hand Cart
24:17 Stone Mining
24:23 Gold Mining
24:37 Heavy Plow
25:49 Crossbowman
25:56 Elite Skirmisher
27:14 Double-Bit Axe
30:03 Pikeman
30:46 Squires
30:34 Arson
31:15 Bow Saw
32:58 Herbal Medicine
38:20 Imperial Age
37:57 Leather Archer Armor
37:33 Fletching
41:37 Bodkin Arrow
42:13 Ring Archer Armor
41:21 Arbalester
42:09 Thumb Ring
43:25 Elite Rattan Archer
44:47 Imperial Skirmisher
44:54 Heavy Cavalry Archer
47:45 Elite Rattan Archer
47:55 Elite Rattan Archer
55:50 Ballistics
55:15 Treadmill Crane
56:27 Cavalier
57:08 Husbandry
56:29 Elite Battle Elephant
GenghisKhan't
0:43 Loom
12:32 Feudal Age
12:59 Double-Bit Axe
13:31 Horse Collar
15:23 Wheelbarrow
19:32 Castle Age
18:52 Wheelbarrow
18:31 Scale Mail Armor
19:56 Arson
20:29 Gambesons
20:59 Gold Mining
21:11 Man-at-Arms
22:30 Heavy Plow
24:20 Bow Saw
25:17 Gold Shaft Mining
28:40 Long Swordsman
30:15 Ballistics
31:12 Murder Holes
31:10 Town Watch
33:31 Forging
33:27 Scale Barding Armor
33:38 Chain Mail Armor
35:50 Hand Cart
38:42 Imperial Age
37:26 Iron Casting
37:43 Stronghold
39:56 Conscription
39:47 Heavy Scorpion
39:59 Two-Handed Swordsman
43:56 Onager
44:49 Champion
47:40 Hoardings
50:27 Furor Celtica
53:26 Siege Engineers
54:22 Chemistry
57:08 Pikeman
Lord_Pollo04
10:15 Feudal Age
8:30 Loom
12:02 Feudal Age
13:23 Loom
19:45 Castle Age
21:55 Wheelbarrow
21:09 Double-Bit Axe
21:06 Horse Collar
21:26 Gold Mining
25:07 Bow Saw
28:18 Murder Holes
29:25 Fletching
30:23 Hand Cart
30:51 Bodkin Arrow
32:40 Scale Mail Armor
35:18 Town Watch
39:31 Imperial Age
37:54 Town Patrol
38:58 Forging
38:19 Champi Runner
39:30 Squires
39:51 Chain Mail Armor
39:23 Champi Warrior
41:11 Iron Casting
43:34 Elite Champi Warrior
45:45 Plate Mail Armor
49:43 Blast Furnace
50:24 Pikeman
60:50 Pikeman
61:17 Arson
radiotiempo.todoeltiempo
3:05 Loom
10:09 Feudal Age
11:32 Wheelbarrow
10:48 Double-Bit Axe
12:00 Horse Collar
15:07 Town Watch
16:06 Man-at-Arms
20:35 Arson
21:12 Forging
21:03 Scale Mail Armor
24:48 Castle Age
24:28 Stone Mining
24:53 Fletching
25:53 Chain Mail Armor
27:40 Bow Saw
27:32 Heavy Plow
27:28 Gold Mining
29:46 Hand Cart
30:15 Iron Casting
30:40 Stone Shaft Mining
30:47 Gold Shaft Mining
34:55 Squires
34:40 Gambesons
34:54 Bodkin Arrow
38:05 Imperial Age
38:28 Town Patrol
38:07 Elite Varangian Guard
39:33 Plate Mail Armor
39:45 Conscription
39:52 Conscription
41:15 Blast Furnace
43:51 Northmen's Fury
43:52 Elite Jomsviking
47:13 Hamask
51:29 Siege Engineers
57:14 Bracer
Nipersx
2:06 Loom
2:35 Loom
10:31 Feudal Age
11:10 Man-at-Arms
18:33 Forging
22:07 Castle Age
21:02 Scale Mail Armor
22:16 Long Swordsman
24:05 Iron Casting
24:40 Chain Mail Armor
25:16 Gold Mining
27:52 Horse Collar
30:59 Heavy Plow
30:51 Double-Bit Axe
31:54 Gold Shaft Mining
32:39 Stone Mining
33:09 Bow Saw
33:49 Fletching
36:09 Murder Holes
37:54 Ballistics
37:47 Masonry
41:12 Imperial Age
38:57 Town Watch
41:47 Elite Varangian Guard
43:38 Blast Furnace
43:08 Plate Mail Armor
43:54 Treadmill Crane
44:46 Architecture
44:16 Bodkin Arrow
48:51 Two-Man Saw
48:23 Crop Rotation
48:27 Squires
50:17 Plate Mail Armor
51:04 Town Patrol
58:11 Conscription
57:58 Chieftains
58:36 Hoardings
58:58 Bracer
62:37 Arson
Connection lost

Rejoining the realm…

Still unreachable

The connection could not be restored.

Session expired

The server has moved on; the page needs a fresh start.